 Dungeon Crawl Stone Soup version 0.28.0-53-g5a82cb258f (webtiles) character file.

Game seed: 6191360685372958005

526 pkoi the Gusty (level 6, 0/45 HPs)
             Began as a Demigod Air Elementalist on June 3, 2022.
             Slain by an orc warrior
             ... wielding a +0 trident
              (4 damage)
             ... on level 5 of the Dungeon.
             The game lasted 00:05:29 (6056 turns).

pkoi the Gusty (Demigod Air Elementalist)           Turns: 6056, Time: 00:05:29

Health: 0/45       AC:  3    Str:  9    XL:     6   Next: 71%
Magic:  3/13       EV: 13    Int: 25    God:
Gold:   169        SH:  0    Dex: 18    Spells: 1/11 levels left

rFire   . . .      SeeInvis .   k - +10 flail of Dofowav {flame, rN+ Dex+4}
rCold   . . .      Faith    .   (no shield)
rNeg    + . .      Spirit   .   a - +1 robe
rPois   +          Reflect  .   (no helmet)
rElec   .          Harm     .   (no cloak)
rCorr   .          Rampage  .   (no gloves)
Will    .....                   (no boots)
Stlth   ++........              (no amulet)
HPRegen 0.15/turn               m - ring of poison resistance
MPRegen 0.13/turn               (no ring)

@: no status effects
A: high MP 1, forlorn, divine attributes
a: no special abilities


You were on level 5 of the Dungeon.
You visited 1 branch of the dungeon, and saw 5 of its levels.

You collected 169 gold pieces.

Inventory:

Hand Weapons
 b - a +1 short sword
 d - a +0 club
 e - a +0 hand axe
 k - the +10 flail of Dofowav (weapon) {flame, rN+ Dex+4}
   (You found it on level 3 of the Dungeon)

   It burns those it strikes, dealing additional fire damage.
   Dex:       It affects your dexterity (+4).
   rN:        It protects you from negative energy.
 p - a +5 dagger of protection
Missiles
 h - a throwing net
Armour
 a - a +1 robe (worn)
Jewellery
 m - a ring of poison resistance (left hand)
Scrolls
 c - a scroll of enchant weapon
 g - 2 scrolls of identify
 i - a scroll of magic mapping
 j - 2 scrolls of enchant armour
 l - a scroll of blinking
Potions
 f - 2 potions of ambrosia
 n - a potion of flight {unknown}
 o - a potion of curing {unknown}


   Skills:
 - Level 2.7 Dodging
 - Level 3.0 Stealth
 - Level 3.0 Spellcasting
 - Level 2.0 Conjurations
 + Level 5.7 Air Magic


You had one spell level left.
You knew the following spells:

 Your Spells              Type           Power      Damage    Failure   Level
a - Shock                 Conj/Air       92%        1d8       1%          1
b - Static Discharge      Conj/Air       23%        N/A       3%          2
c - Airstrike             Air            16%        N/A       10%         4
q - Swiftness             Air            32%        N/A       3%          3

Your spell library contained the following spells:

 Spells                   Type           Power      Damage    Failure   Level
 Ensorcelled Hibernation  Hex/Ice        6%         N/A       16%         2
 Passwall                 Tmut/Erth      2%         N/A       16%         2
 Summon Forest            Summ/Tloc      1%         N/A       95%         5
 Eringya's Noxious Bog    Tmut/Pois      1%         N/A       100%        6
 Summon Hydra             Summ           1%         N/A       100%        7


Dungeon Overview and Level Annotations

Branches:
Dungeon (5/15)
 Temple: D:4-7

Shops:
D:3 ?   D:4 =


Innate Abilities, Weirdness & Mutations

You have an increased reservoir of magic. (+10% MP)
You shall have no god before yourself.
Your divine heritage dramatically boosts your attributes as you level up.


Message History

Aiming: Shock (safe; 2% risk of failure)
Press: ? - help, Q - select action, (/) - cycle Shift-Dir - straight line, f/p - orc wizard
Aim: an orc wizard, wielding a +0 dagger and wearing a +0 robe (severely wounded, 67% to hit)
The zap hits the orc warrior.
The orc warrior is moderately wounded.
The zap hits the orc wizard.
You kill the orc wizard!
The orc warrior completely misses you.
Aiming: Shock (safe; 2% risk of failure)
Press: ? - help, Q - select action, (/) - cycle Shift-Dir - straight line, f - orc warrior
Aim: an orc warrior, wielding a +0 trident and wearing a +0 chain mail (moderately wounded, 71% to hit)
The zap hits the orc warrior.
The orc warrior is moderately wounded.
The zap hits the jelly.
The jelly is moderately wounded.
The orc warrior hits you from afar with a +0 trident!
* * * LOW HITPOINT WARNING * * *
Casting: Shock (safe; 2% risk of failure)
Confirm with . or Enter, or press ? or * to list all spells.
The orc is struck by an arc of lightning.
You kill the orc!
You are struck by an arc of lightning.
* * * LOW HITPOINT WARNING * * *
The lightning grounds out.
The orc warrior hits you from afar with a +0 trident!
* * * LOW HITPOINT WARNING * * *
Unknown command.
Unknown command.
Casting: Static Discharge (safe; 3% risk of failure)
Confirm with . or Enter, or press ? or * to list all spells.
The jelly is struck by an arc of lightning!
The jelly is almost dead.
You are struck by an arc of lightning.
* * * LOW HITPOINT WARNING * * *
The jelly is struck by an arc of lightning.
You kill the jelly!
The lightning grounds out.
The orc warrior barely misses you.
Unknown command.
The orc warrior hits you from afar with a +0 trident.
You die...

#.######..###
##<...##.##
##....##.#
#.....##.#
#........########
##..............#
#..............#
#....#.........#
#...[....@.....#
#.....#..).....#
#.....#..o.....#
#....###..)...).#
#..(..###
#........# #.....
#........#
.....##
###.#..### ..###
#.......# ..
###.....#


You could see an orc warrior.

Vanquished Creatures
  A necrophage (D:5)
  A bullfrog zombie (D:5)
  An orc priest (D:4)
  A hound (D:5)
  A jelly (D:5)
  A bullfrog skeleton (D:5)
  Jessica (D:3)
  An orc wizard (D:5)
  An iguana (D:5)
  A hound skeleton (D:5)
  Robin (D:4)
  3 gnolls (D:3)
  6 adders
  A howler monkey skeleton (D:4)
  A white imp (D:3)
  A worm (D:5)
  3 dart slugs
  4 orcs
  4 ball pythons
  3 endoplasms
  2 giant cockroaches
  8 hobgoblins
  5 jackals
  4 kobolds
  2 quokkas
  A bat (D:1)
  8 frilled lizards
  16 goblins
  3 rats
  A spectral hobgoblin (D:1)
87 creatures vanquished.

Notes
Turn   | Place    | Note
-------+----------+-------------------------------------------
     0 | D:1      | pkoi the Demigod Air Elementalist began the quest for the
                  | Orb.
     0 | D:1      | Reached XP level 1. HP: 14/14 MP: 5/5
    91 | D:1      | Reached skill level 1 in Conjurations
   368 | D:1      | Reached XP level 2. HP: 15/20 MP: 0/7
  1713 | D:2      | Reached skill level 3 in Air Magic
  1713 | D:2      | Reached XP level 3. HP: 22/26 MP: 0/8
  3273 | D:3      | Learned a level 2 spell: Static Discharge
  3297 | D:3      | Found Suerr's Magic Scroll Shop.
  3314 | D:3      | Identified the +10 flail of Dofowav {flame, rN+ Dex+4}
  3508 | D:3      | Reached XP level 4. HP: 33/33 MP: 5/10
  3711 | D:3      | Noticed Jessica
  3713 | D:3      | Killed Jessica
  4462 | D:4      | Learned a level 4 spell: Airstrike
  4512 | D:4      | Noticed Robin
  4512 | D:4      | Found Xilyass's Jewellery Boutique.
  4532 | D:4      | Reached XP level 5. HP: 32/38 MP: 4/11
  4724 | D:4      | Killed Robin
  5234 | D:5      | Entered Level 5 of the Dungeon
  5262 | D:5      | Reached skill level 4 in Air Magic
  5483 | D:5      | Reached XP level 6. HP: 42/45 MP: 13/13
  5502 | D:5      | Learned a level 3 spell: Swiftness
  5868 | D:5      | Reached skill level 5 in Air Magic
  6056 | D:5      | Slain by an orc warrior

Illustrated notes

Levels and vault maps discovered:
D:1:      dpeg_arrival_court, layout_loops_cross,
          dreamdust_ecumenical_altar_drowned_temple
D:2:      minmay_inner_zag, layout_loops_corners, st_stairs_12
D:3:      layout_basic, serial_shops, nicolae_diamond_shop,
          nicolae_figureground_pulse, uniq_jessica
D:4:      layout_cave_pools, nicolae_inconvenience_store, uniq_robin
D:5:      layout_rooms, serial_curves, eino_curves_03, eino_curves_02,
          uniq_duvessa

Skill      XL: |  1  2  3  4  5  6 |
---------------+-------------------+-----
Conjurations   | 1 2 |  2.0
Stealth        | 2 3 |  3.0
Dodging        | 2 |  2.7
Spellcasting   | 2 3 |  3.0
Air Magic      | 3 4 5 |  5.7

Action                   |  1- 3 |  4- 6 || total
-------------------------+-------+-------++-------
Melee: Hand axe          |     8 |       ||     8
       Flail             |       |    20 ||    20
       Punch             |       |     1 ||     1
 Cast: Shock             |    96 |    89 ||   185
       Static Discharge  |       |     7 ||     7
  Use: Scroll            |     6 |     3 ||     9
       Potion            |     1 |       ||     1
 Stab: Sleeping          |       |     1 ||     1
Armor: Robe              |     2 |    14 ||    16
Dodge: Dodged            |    11 |    30 ||    41
